 Dungeon Crawl Stone Soup version 0.30.0-17-ge0270778cf (webtiles) character file.

Game seed: 10035668670058641350

1695467 bungle the Slayer (level 27, 228/228 HPs)
             Began as a Djinni Conjurer on May 19, 2023.
             Was a High Priest of Ashenzari.
             Escaped with the Orb
             ... and 3 runes on May 22, 2023!
             The game lasted 03:35:56 (67463 turns).

bungle the Slayer (Djinni Conjurer)                Turns: 67463, Time: 03:35:56

Health: 228/228    AC:  9    Str: 12      XL:     27
Gold:   9184       EV: 27    Int: 29 (30) God:    Ashenzari [*****.] SH:  0 Dex: 15

rFire   + + +        a - staff of air "Share My Soothsayer" (curse) {rElec, Range, Self} (curse)
rCold   + + .        (no shield)
rNeg    . . .        T - +2 robe "Lashed Sorrow" {Archmagi, Self, Evo} (curse)
rPois   ∞            p - +0 helmet of Desmomancy {Range, Self} (curse)
rElec   +            D - scarf of Ashenzari's Yoke {rC+ rF+, Self, Evo} (curse)
rCorr   +            Q - +1 pair of gloves of Cremastomancy {Dex+3, Cun, Self} (curse)
SInv    +            (boots unavailable)
Will    ++++.        i - amulet of Ashenzari's Prison {Will+ Regen+ Int+4 Stlth-, Evo, Melee} (curse)
Stlth   ++           G - ring "Sun of the Cursed Sage" {rC+ Will+ Int+2, Self, Cun} (curse)
HPRegen 1.38/turn    H - ring of Ashenzari's Black Moon {rElec rC+++ rCorr Dex-2 SInv, Self, Cun} (curse)
MPRegen 0.00/turn

%: clarity, archmagi
@: flying
A: sickness immunity, fire resistance 2, cold vulnerability 3, float, innate
caster, HP casting, extra vitality 1, berserk 1, deformed body, deterioration 2,
screaming 2, weak 1, no potion heal 1
0: Orb of Zot
}: 3/15 runes: serpentine, barnacled, silver
a: Renounce Religion, Curse Item, Shatter the Chains


You escaped.
You worshipped Ashenzari.
Ashenzari was extremely pleased with you.
You visited 9 branches of the dungeon, and saw 47 of its levels.
You also visited: Bailey, Ice Cave and Desolation.

You collected 10017 gold pieces.
You spent 833 gold pieces at shops.

Inventory:

Armour
 p - the cursed +0 helmet of Desmomancy (worn) {Range, Self}
   (You found it on level 3 of the Dungeon)

   It has a curse which improves the following skills: Ranged Combat: Ranged
   Weapons and Throwing.
   Introspection: Fighting and Spellcasting.
 D - the cursed scarf of Ashenzari's Yoke (worn) {rC+ rF+, Self, Evo}
   (You found it on level 7 of the Dungeon)

   It has a curse which improves the following skills: Introspection: Fighting
   and Spellcasting.
   Evocations: Evocations.
 Q - the cursed +1 pair of gloves of Cremastomancy (worn) {Dex+3, Cun, Self}
   (You found it on level 9 of the Dungeon)

   It has a curse which improves the following skills: Cunning: Dodging and
   Stealth.
   Introspection: Fighting and Spellcasting.
 T - the cursed +2 robe "Lashed Sorrow" (worn) {Archmagi, Self, Evo}
   (You took it off a necromancer in an ice cave)

   It has a curse which improves the following skills: Introspection: Fighting
   and Spellcasting.
   Evocations: Evocations.
 U - the +2 helmet of Pleasant Breezes {Harm Regen+ Int-3 Dex-4}
   (You found it on level 4 of the Shoals)

   Int:       It affects your intelligence (-3).
   Dex:       It affects your dexterity (-4).
   Regen:     It increases your rate of health regeneration.
   Harm:      It increases damage dealt and taken.
Magical Staves
 a - the cursed staff of air "Share My Soothsayer" (weapon) {rElec, Range, Self}
   (You found it on level 5 of the Dungeon)

   [staff of air]

   Your inability to study Air Magic prevents you from drawing on the full power
   of this staff in melee.
   Base accuracy: +5 Base damage: 5 Base attack delay: 1.2 This weapon's minimum
   attack delay (0.6) is reached at skill level 12.
   rElec:     It insulates you from electricity.
   It falls into the 'Staves' category.
   It is a one-handed weapon.
   It has a curse which improves the following skills: Ranged Combat: Ranged
   Weapons and Throwing.
   Introspection: Fighting and Spellcasting.
 N - a staff of cold
 V - a staff of conjuration
 Y - the staff of fire "Pihuic" {rF+ Will+ Stlth+}
   (You found it on level 1 of the Depths)

   [staff of fire]

   Your inability to study Fire Magic prevents you from drawing on the full
   power of this staff in melee.
   Base accuracy: +5 Base damage: 5 Base attack delay: 1.2 This weapon's minimum
   attack delay (0.6) is reached at skill level 12.
   rF:        It protects you from fire.
   Will:      It increases your willpower.
   Stlth:     It makes you more stealthy.
   It falls into the 'Staves' category.
   It is a one-handed weapon.
Jewellery
 d - a ring of resist corrosion
 i - the cursed amulet of Ashenzari's Prison (around neck) {Will+ Regen+ Int+4 Stlth-, Evo, Melee}
   (You took it off a fire giant on level 5 of the Vaults)

   [amulet of regeneration]

   Int:       It affects your intelligence (+4).
   Regen:     It increases your rate of health regeneration.
   Will:      It increases your willpower.
   Stlth:     It makes you less stealthy.
   It has a curse which improves the following skills: Evocations: Evocations.
   Melee Combat: Short Blades, Long Blades, Axes, Maces & Flails, Polearms,
   Staves and Unarmed Combat.
 r - an amulet of reflection
 G - the cursed ring "Sun of the Cursed Sage" (left hand) {rC+ Will+ Int+2, Self, Cun}
   (You took it off a spriggan berserker on level 2 of the Depths)

   [ring of willpower]

   Int:       It affects your intelligence (+2).
   rC:        It protects you from cold.
   Will:      It increases your willpower.
   It has a curse which improves the following skills: Introspection: Fighting
   and Spellcasting.
   Cunning:   Dodging and Stealth.
 H - the cursed ring of Ashenzari's Black Moon (right hand) {rElec rC+++ rCorr Dex-2 SInv, Self, Cun}
   (You found it on level 3 of the Elven Halls)

   [ring of see invisible]

   Dex:       It affects your dexterity (-2).
   rC:        It renders you almost immune to cold.
   rElec:     It insulates you from electricity.
   SInv:      It lets you see invisible.
   rCorr:     It protects you from acid and corrosion.
   It has a curse which improves the following skills: Introspection: Fighting
   and Spellcasting.
   Cunning:   Dodging and Stealth.
 Z - the ring of Oceqol {rF+ rC++ Int+6 Stlth+}
   (You found it on level 3 of the Elven Halls)

   [ring of intelligence]

   Int:       It affects your intelligence (+6).
   rF:        It protects you from fire.
   rC:        It greatly protects you from cold.
   Stlth:     It makes you more stealthy.
Wands
 e - a wand of digging (15)
 h - a wand of charming (85)
 t - a wand of flame (116)
 w - a wand of polymorph (26)
 C - a wand of roots (61)
 I - a wand of mindburst (35)
 O - a wand of quicksilver (17)
Scrolls
 f - 12 scrolls of teleportation
 j - 5 scrolls of butterflies
 k - 13 scrolls of fear
 l - 8 scrolls of fog
 q - 5 scrolls of silence
 s - 7 scrolls of magic mapping
 y - 9 scrolls of immolation
 A - 5 scrolls of brand weapon
 B - 5 scrolls of enchant armour
 F - 46 scrolls of identify
 J - 9 scrolls of enchant weapon
 R - a scroll of blinking
 S - 5 scrolls of poison
Potions
 b - 5 potions of resistance
 c - 6 potions of brilliance
 g - 14 potions of attraction
 n - 20 potions of curing
 o - 13 potions of might
 u - 6 potions of cancellation
 v - 9 potions of berserk rage
 E - 6 potions of lignification
 M - 3 potions of haste
Miscellaneous
 m - a box of beasts
 x - a phantom mirror
 z - a condenser vane
 P - a lightning rod (4/4)
 X - a phial of floods


   Skills:
 * Level 25.8(27) Fighting
 + Level 19.7 Armour
 + Level 22.5(26.2) Dodging
 - Level 12.3(16.4) Stealth
 * Level 22.5(27) Spellcasting
 * Level 15.8(19.9) Evocations


You knew the following spells:

 Your Spells              Type           Power      Damage    Failure   Level
a - Magic Dart            Conj           100%       1d8       0%          1
b - Searing Ray           Conj           100%       2d8       0%          2
c - Dazzling Flash        Conj/Hex       100%       N/A       0%          3
d - Fulminant Prism       Conj/Hex       69%        3d28      0%          4
e - Iskenderun's Mystic   Conj/Tloc      100%       2d19      0%          4
f - Slow                  Hex            100%       N/A       0%          1
g - Static Discharge      Conj/Air       100%       2-7/arc   0%          2
h - Hailstorm             Conj/Ice       100%       3d20      0%          3
i - Tukima's Dance        Hex            100%       N/A       0%          3
j - Silence               Hex/Air        82%        N/A       0%          5
k - Agony                 Necr           100%       N/A       0%          5
l - Plasma Beam           Fire/Air       82%        2x1d109   0%          6
m - Malign Gateway        Summ/Tloc      69%        N/A       0%          7
n - Enfeeble              Hex            69%        N/A       0%          7
o - Maxwell's Capacitive  Air            82%        ∞         1%          8
p - Spellforged Servitor  Conj/Summ      69%        N/A       0%          7
q - Lehudib's Crystal Sp  Conj/Erth      69%        10d16     1%          8
r - Shatter               Erth           69%        3d51*     1%          9
Your spell library was empty.

Dungeon Overview and Level Annotations

Branches:
Dungeon (15/15)            Temple (0/1) D:7            Lair (5/5) D:10
 Shoals (4/4) Lair:2        Snake (4/4) Lair:3        Slime (0/5) Lair:5
    Orc (2/2) D:12            Elf (3/3) Orc:2        Vaults (5/5) D:14
  Crypt (0/3) Vaults:3     Depths (4/4) D:15            Zot (5/5) Depths:4
 Bailey (visited)           IceCv (visited)         Desolation (visited)

Altars:
Ashenzari
Dithmenos
Elyvilon
Fedhas
Trog
Xom
Zin
The Shining One
Jiyva

Shops:
D:9 (=   D:12 :   D:15 *   Orc:2 *?(:   Elf:3 :*   Snake:2 (:=:   Vaults:2 (
Depths:1 [[(   Depths:3 [

Portals:
Hell: Depths:1 Depths:2 Depths:3 Depths:4
Abyss: Depths:1 Depths:2 Depths:3
Pandemonium: Depths:2 Depths:4
Ziggurat: Depths:4
Trove: Vaults:2 (give 6 scrolls of blinking)

Annotations:
D:11 2 runed translucent doors
Vaults:4 2 transporters
Depths:3 3 runed translucent doors, freelancePsychic's ghost, adept DjAE
Zot:2 2 transporters


Innate Abilities, Weirdness & Mutations

You are immune to sickness and miasma.
You are immune to poison.
Your flesh is very heat resistant. (rF++)
You are extremely vulnerable to cold. (rC---)
You float through the air rather than walking.
You learn spells naturally, not from books.
Your magical power is your life essence.
You have superior vitality. (+4 MHP)
You sometimes lose your temper in combat.
Armour fits poorly on your strangely shaped body.
Your body often deteriorates upon taking damage.
You frequently scream uncontrollably at your foes.
You are weak. (Str -2)
Potions are less effective at restoring your health.


Message History

Casting: Iskenderun's Mystic Blast (safe; 0% risk of failure)
Confirm with . or Enter, or press ? or * to list all spells.
You feel a surge of power!
You erupt in a blast of force!
The mystic blast hits the angel!
The angel is moderately wounded.
The angel is knocked back by the mystic blast.
You fly upwards.
There is a stone staircase leading down here.
There is a stone staircase leading up here.
You fly upwards.
There is a stone staircase leading down here.
There is a stone staircase leading up here.
You fly upwards.
There is a stone staircase leading down here.
(D) Dungeon (T) Temple (L) Lair (A) Shoals (P) Snake Pit (M) Slime Pits (O) Orcish Mines (E) Elven Halls (V) Vaults (C) Crypt (U) Depths (H) Hell (Z) Zot
Where to? (Enter - D:4, ? - help)
You scream at the small abomination!
A small abomination comes into view.
The small abomination moves out of view.
There is a shimmering altar of Xom here.
There is a stone staircase leading up here.
You fly upwards.
There is a stone staircase leading down here.
(D) Dungeon (T) Temple (L) Lair (A) Shoals (P) Snake Pit (M) Slime Pits (O) Orcish Mines (E) Elven Halls (V) Vaults (C) Crypt (U) Depths (H) Hell (Z) Zot
Where to? (Enter - D:1, ? - help)
Okay, then.
You can't go up here!
A blizzard demon comes into view.
The blizzard demon waves its arms in wide circles.
The air twists around and strikes you!
There is a staircase leading out of the dungeon here.
You can't go down here!
HP restored.
You have escaped!

.####.........## ##.......###....
...###...###############.........
...# ##..# ##.......## #...##....
...# #..###.........###...#...#.
...# #..##...........##...)...#.
...# ##..#.............#..#....#.
...###..##.............##..###.#.
.####..#.#.............#.#..#....
.###..#...2.....@........†#.....#
.......#.#.............#.#))#....
........##.............##.......#
....#....#.............#..#......
....#.#..##...........##..#......
....#....###.........###..#......
..^####..# ##.......## #.........
.#.# #..###############.........
.#.# #.......## ##..............


You could see a blizzard demon.

Vanquished Creatures
  9 orbs of fire
  Mara (Depths:2)
  A dread lich (Vaults:5)
  2 ancient liches
  A juggernaut (Depths:1)
  Sojobo (Vaults:2)
  6 Killer Klowns
  Boris (Vaults:4)
  Vashnia (Snake:4)
  A curse toe (Zot:4)
  A caustic shrike (Depths:3)
  Xtahua (Depths:3)
  Nikola (Vaults:1)
  The ghost of Plog the Warrior, an adept DgCj (Depths:2)
  18 golden dragons
  A bone dragon (Zot:2)
  3 electric golems
  The ghost of gelatine the Marksdemonspawn, an adept DsHu of Fedhas (Depths:1)
  An Ice Fiend (Zot:4)
  12 tentacled monstrosities
  A lich (Depths:1)
  A walking crystal tome (Depths:1)
  Rupert (Lair:4)
  27 Orb Guardians
  A Hell Sentinel (Zot:3)
  Asterion (Depths:1)
  The ghost of Dadghomedgh the Thaumaturge, an adept GnHW of Sif Muna (Snake:2)
  2 walking divine tomes
  3 deep elf blademasters
  8 titans
  4 quicksilver dragons
  2 deep elf master archers (Elf:3)
  8 sphinxes
  3 death cobs
  Frances (Shoals:2)
  An Executioner (Zot:5)
  3 acid blobs (Depths:2)
  An azure jelly (Depths:2)
  7 shadow dragons
  17 storm dragons
  6 tengu reavers
  5 nagarajas
  A rockslime (Depths:2)
  7 fire giants
  6 deep elf sorcerers
  8 draconian knights
  An emperor scorpion (D:15)
  Roxanne (Elf:2)
  2 draconian monks
  4 ghost moths
  18 vault wardens
  5 draconian shifters
  Louise (Elf:2)
  The ghost of littlecub the Fighter, a journeyman DsGl of Hepliaklqana (Snake:1)
  9 frost giants
  4 iron dragons
  4 draconian scorchers
  6 deep elf elementalists
  6 orc warlords
  The ghost of Jaliuk the Eclecticist, a journeyman DECj of Vehumet (D:14)
  3 cacodemons
  2 draconian stormcallers
  2 spriggan defenders (Depths:4)
  25 ironbound preservers
  A war gargoyle (Vaults:5)
  11 very ugly things
  18 stone giants
  4 draconian annihilators
  6 ironbound thunderhulks
  2 reapers (Depths:1)
  2 quicksilver oozes (Depths:2)
  2 vampire knights
  9 green draconians
  14 deep elf demonologists
  14 black draconians
  8 deep elf annihilators
  7 red draconians
  A spark wasp (shapeshifter) (D:15)
  9 yellow draconians
  3 spark wasps
  10 dire elephants
  8 ettins
  The ghost of jasper the Fighter, a journeyman DgEE (Lair:3)
  9 purple draconians
  12 white draconians
  2 jiangshi (Depths:2)
  Josephine (D:10)
  3 entropy weavers (Vaults:1)
  A blizzard demon (Depths:3)
  2 merfolk javelineers
  8 merfolk impalers
  7 great orbs of eyes
  2 deep elf high priests (Elf:3)
  11 fire dragons
  5 deep elf death magi
  The ghost of SecretSquirrel the Skirmisher, a journeyman DrHu of Dithmenos (D:11)
  14 yaktaur captains
  10 ice dragons
  4 hydras
  8 peacekeepers
  4 servants of whispers
  2 salamander tyrants
  2 rakshasas (Depths:3)
  3 merfolk avatars
  42 vault guards
  11 anacondas
  4 ogre magi
  10 boulder beetles
  2 catoblepae
  2 death knights (Vaults:3)
  12 centaur warriors
  6 spriggan air magi
  Erica (D:8)
  4 satyrs
  8 ironbound frosthearts
  14 naga warriors
  2 alligator snapping turtles (Shoals:2)
  3 tengu warriors
  3 death yaks (Lair:5)
  2 merfolk aquamancers (Shoals:4)
  11 two-headed ogres
  3 deep troll shamans
  4 vampire magi
  3 deep troll earth magi
  2 orc high priests (Orc:2)
  16 naga sharpshooters
  10 spriggan berserkers
  3 spriggans (Depths:4)
  A storm dragon zombie (Depths:1)
  Sonja (D:10)
  7 hell knights
  6 shock serpents
  7 sun demons (Depths:4)
  21 deep elf knights
  A soul eater (Depths:4)
  A fire crab (Lair:4)
  A skyshark (Shoals:1)
  Amaemon (Lair:3)
  2 salamander mystics (Snake:4)
  A golden dragon zombie (Depths:1)
  5 iron trolls
  6 skeletal warriors
  A spectral anaconda (Snake:2)
  14 sea snakes
  60 deep trolls
  A glowing orange brain (shapeshifter) (Vaults:5)
  6 glowing orange brains
  5 deep elf archers
  2 flayed ghosts
  12 wizards
  A phantasmal warrior (Vaults:5)
  An orange crystal statue (D:9)
  13 orc knights
  13 naga ritualists
  19 deep elf pyromancers
  Pikel (D:6)
  A swamp dragon (Lair:5)
  A kraken simulacrum (Shoals:4)
  17 ironbound convokers
  3 necromancers
  26 deep elf zephyrmancers
  16 lindwurms
  30 harpies
  3 orc sorcerers
  37 ugly things
  11 mana vipers
  20 fauns
  14 elephants
  15 manticores
  16 salamanders
  2 oklob plants (Shoals:1)
  9 cyclopes
  51 black mambas
  A guardian serpent (shapeshifter) (D:14)
  16 moths of wrath
  12 merfolk sirens
  An eye of devastation (shapeshifter) (Vaults:5)
  An ice statue (IceCv)
  A smoke demon (Depths:4)
  6 torpor snails
  3 water nymphs
  A human skeleton (Vaults:4)
  3 rust devils
  20 naga magi
  23 vault sentinels
  2 gargoyles
  A torpor snail (shapeshifter) (Vaults:4)
  10 guardian serpents
  2 molten gargoyles
  5 eyes of devastation
  3 orange demons
  9 cane toads
  An unseen horror (shapeshifter) (Vaults:5)
  Maggie (D:6)
  6 kobold demonologists
  18 rime drakes
  An unseen horror (D:12)
  A hellion (D:6)
  40 yaktaurs
  2 freezing wraiths (IceCv)
  A spark wasp simulacrum (Depths:1)
  5 tengu conjurers
  2 spectral salamanders (Snake:2)
  4 komodo dragons
  9 trolls
  An elf skeleton (Vaults:4)
  An anaconda simulacrum (IceCv)
  A tormentor (Depths:2)
  15 ice devils (IceCv)
  3 hellwings
  20 merfolk
  3 meliai (D:12)
  2 merfolk (shapeshifter)
  A hornet (shapeshifter) (D:11)
  2 queen bees
  33 saltlings
  A spectral guardian serpent (Snake:2)
  4 tyrant leeches (Lair:5)
  6 wind drakes
  15 hornets
  Prince Ribbit (D:9)
  Sigmund (D:5)
  15 blink frogs
  11 dream sheep
  A human simulacrum (Vaults:3)
  10 snapping turtles
  A shock serpent simulacrum (Snake:2)
  3 air elementals
  An ettin skeleton (Vaults:4)
  39 slime creatures
  2 ynoxinuls
  3 wyverns
  44 yaks
  2 shadows (D:12)
  24 dancing weapons
  A spectral naga (Snake:2)
  6 wraiths
  A human (D:14)
  13 water elementals
  A dire elephant simulacrum (IceCv)
  3 basilisks
  Eustachio (D:5)
  2 fire elementals
  Grum (D:10)
  5 death yak simulacra (IceCv)
  10 steam dragons (Lair:5)
  A redback (Vaults:1)
  4 vampire mosquitoes (D:11)
  3 neqoxecs (D:14)
  3 harpy simulacra (IceCv)
  8 wargs
  Edmund (D:5)
  A hydra simulacrum (IceCv)
  10 water moccasins
  5 acid dragons
  A floating eye (Depths:3)
  A hell hound (Depths:4)
  47 nagas
  A guardian serpent simulacrum (Snake:2)
  2 sky beasts
  4 swamp drakes (Lair:5)
  A black bear (D:7)
  46 orc warriors
  3 ice beasts
  2 ogres (shapeshifter) (D:14)
  A boggart (shapeshifter) (D:14)
  4 boggarts
  8 wolves
  4 centaurs
  14 ogres
  2 phantoms
  7 kobold brigands
  3 earth elementals
  A gnoll sergeant (D:8)
  11 bullfrogs
  3 scorpions
  2 two-headed ogre simulacra (D:13)
  2 cane toad simulacra
  8 wights
  2 troll zombies (D:12)
  4 elephant simulacra (IceCv)
  A killer bee (shapeshifter) (D:14)
  18 killer bees
  An electric eel (D:6)
  2 howler monkeys
  2 quasits (D:5)
  17 orc priests
  4 jellies
  2 hounds
  Crazy Yiuf (D:6)
  Ijyb (D:5)
  Terence (D:2)
  3 iguanas
  30 orc wizards
  3 troll simulacra
  7 polar bear simulacra
  2 spriggan simulacra (IceCv)
  4 wolf simulacra (IceCv)
  4 ogre zombies (D:12)
  3 adders
  13 gnolls
  3 naga simulacra
  A river rat (shapeshifter) (D:14)
  3 shadow imps (D:5)
  3 white imps
  An ufetubus (D:5)
  A worm (D:2)
  6 dart slugs
  90 orcs
  6 ball pythons
  8 bats
  12 endoplasms
  6 giant cockroaches
  17 goblins
  17 hobgoblins
  3 jackals (D:5)
  4 quokkas
  3 frilled lizards
  A goblin skeleton (D:12)
  3 goblin zombies (D:12)
  3 hobgoblin zombies (D:12)
  22 kobolds
  12 orc zombies (D:12)
  4 rats
  A fulminant prism (Zot:5)
2276 creatures vanquished.

Vanquished Creatures (collateral kills)
  A sphinx (Vaults:5)
  A vault warden (Vaults:5)
  A very ugly thing (Vaults:5)
  2 ironbound preservers
  2 crystal guardians (Vaults:1)
  A great orb of eyes (Vaults:1)
  An anaconda (Snake:2)
  A naga warrior (Snake:1)
  4 centaur warriors
  A shock serpent (Snake:4)
  A naga ritualist (Snake:2)
  A wizard (Vaults:3)
  5 deep trolls
  A necromancer (Vaults:3)
  A mana viper (Snake:2)
  4 ugly things
  6 black mambas
  A spectral mana viper (Snake:2)
  An elf zombie (Vaults:3)
  2 spectral black mambas (Snake:2)
  A naga (Snake:2)
  An ogre zombie (Vaults:3)
  A black mamba simulacrum (Snake:2)
41 creatures vanquished.

Vanquished Creatures (others)
  20 eldritch tentacles
  A cane toad (Lair:5)
  A tormentor (Zot:5)
  A saltling (Desolation)
  2 dancing weapons
  254 fulminant prisms
279 creatures vanquished.

Grand Total: 2596 creatures vanquished

Notes
Turn   | Place    | Note
-------+----------+-------------------------------------------
     0 | D:1      | bungle the Djinni Conjurer began the quest for the Orb.
     0 | D:1      | bungle set off with the following spells memorised: Magic
                  | Dart, Searing Ray, Dazzling Flash, Fulminant Prism,
                  | Iskenderun's Mystic Blast.
     0 | D:1      | Reached XP level 1. HP: 15/15 MP: 0/0
    43 | D:1      | Reached XP level 2. HP: 13/21 MP: 0/0
   422 | D:1      | Reached XP level 3. HP: 25/25 MP: 0/0
   422 | D:1      | Learned a level 1 spell: Slow
   767 | D:2      | Reached XP level 4. HP: 27/31 MP: 0/0
   972 | D:2      | Noticed Terence
   980 | D:2      | Killed Terence
   981 | D:2      | Reached XP level 5. HP: 34/35 MP: 0/0
   981 | D:2      | Learned a level 2 spell: Static Discharge
  1010 | D:2      | Found a shimmering altar of Xom.
  1508 | D:3      | Found a faded altar of an unknown god.
  2222 | D:3      | Identified a scroll of acquirement
  2222 | D:3      | Acquired a manual of Dodging
  2263 | D:4      | Reached skill level 5 in Spellcasting
  2402 | D:4      | Reached XP level 6. HP: 41/41 MP: 0/0
  2435 | D:4      | Reached skill level 1 in Fighting
  2746 | D:5      | Entered Level 5 of the Dungeon
  2794 | D:5      | Noticed an ice beast
  2799 | D:5      | Killed an ice beast
  2800 | D:5      | Reached XP level 7. HP: 46/48 MP: 0/0
  2800 | D:5      | Learned a level 3 spell: Hailstorm
  2841 | D:5      | Found a broken altar of Ashenzari.
  2851 | D:5      | Reached skill level 2 in Fighting
  2877 | D:5      | Became a worshipper of Ashenzari the Shackled
  2915 | D:5      | Noticed Edmund
  2932 | D:5      | Killed Edmund
  2933 | D:5      | Reached skill level 5 in Dodging
  2950 | D:5      | Noticed Ijyb
  2956 | D:5      | Killed Ijyb
  3013 | D:5      | Reached skill level 3 in Fighting
  3013 | D:5      | Reached XP level 8. HP: 41/56 MP: 0/0
  3328 | D:5      | Noticed Sigmund
  3340 | D:5      | Killed Sigmund
  3407 | D:5      | Noticed Eustachio
  3420 | D:5      | Killed Eustachio
  3421 | D:5      | Reached skill level 4 in Fighting
  3777 | D:6      | Reached XP level 9. HP: 62/63 MP: 0/0
  3777 | D:6      | Learned a level 3 spell: Tukima's Dance
  3785 | D:6      | Noticed Pikel
  3789 | D:6      | Killed Pikel
  3790 | D:6      | Reached skill level 5 in Fighting
  3792 | D:6      | Noticed Maggie
  3809 | D:6      | Killed Maggie
  4100 | D:6      | Found a runed translucent door.
  4101 | D:6      | Noticed Crazy Yiuf
  4358 | D:6      | Killed Crazy Yiuf
  4560 | D:7      | Reached XP level 10. HP: 69/72 MP: 0/0
  4637 | D:7      | Reached skill level 6 in Fighting
  4977 | D:7      | Reached skill level 10 in Dodging
  4983 | D:7      | Found a staircase to the Ecumenical Temple.
  5286 | D:7      | Identified the amulet of Foimiot {Reflect Rampage rElec
                  | rPois SH+5 Stlth-}
  5398 | D:8      | Noticed a two-headed ogre
  5408 | D:8      | Killed a two-headed ogre
  5738 | D:8      | Reached * piety under Ashenzari
  5745 | D:8      | Reached skill level 7 in Fighting
  6180 | D:8      | Noticed Erica
  6183 | D:8      | Killed Erica
  6383 | D:8      | Reached XP level 11. HP: 69/84 MP: 0/0
  6383 | D:8      | Learned a level 5 spell: Silence
  6460 | D:9      | Noticed a two-headed ogre
  6469 | D:9      | Killed a two-headed ogre
  6470 | D:9      | Reached skill level 8 in Fighting
  6494 | D:9      | Found a flagged portal.
  6601 | Bailey   | Entered a bailey
  6751 | Bailey   | Noticed an orc knight
  6764 | Bailey   | Killed an orc knight
  6786 | Bailey   | Noticed an orc warlord
  6818 | Bailey   | Killed an orc warlord
  6819 | Bailey   | Reached skill level 9 in Fighting
  6886 | Bailey   | Found the +9 sword of Zonguldrok {reap}
  6950 | Bailey   | Acquired a manual of Spellcasting
  7149 | D:9      | Reached skill level 10 in Spellcasting
  7153 | D:9      | Noticed a boulder beetle
  7167 | D:9      | Found Obraj's Antique Weapon Boutique.
  7177 | D:9      | Noticed a cyan ugly thing
  7190 | D:9      | Killed a boulder beetle
  7191 | D:9      | Noticed a red ugly thing
  7202 | D:9      | Killed a red ugly thing
  7205 | D:9      | Killed a red ugly thing
  7206 | D:9      | Reached XP level 12. HP: 21/93 MP: 0/0
  7353 | D:9      | Reached skill level 5 in Stealth
  7375 | D:9      | Noticed Prince Ribbit
  7376 | D:9      | Killed Prince Ribbit
  7395 | D:9      | Reached skill level 10 in Fighting
  7602 | D:9      | Noticed a two-headed ogre
  7635 | D:9      | Noticed a soul eater
  7929 | D:9      | Found Jaemynk's Jewellery Emporium.
  8060 | D:9      | Identified the Treatise on Glamour and Adjuration
  8080 | D:9      | Identified the Quarto of Generation and Debased Rites
  8144 | D:9      | Identified the ring of Kaomy {rPois rF+ Dex+2 Stlth+}
  8312 | D:10     | Entered Level 10 of the Dungeon
  8319 | D:10     | Found a staircase to the Lair.
  8322 | D:10     | Found a bloodstained altar of Trog.
  8415 | D:10     | Noticed Sonja
  8430 | D:10     | Killed Sonja
  8556 | D:10     | Reached skill level 1 in Armour
  8557 | D:10     | Identified the +2 quarterstaff of the Dwarven Hall {spect,
                  | Str+3}
  8593 | D:10     | Noticed Josephine
  8601 | D:10     | Killed Josephine
  8614 | D:10     | Reached ** piety under Ashenzari
  8905 | D:10     | Noticed Grum
  8909 | D:10     | Killed Grum
  8911 | D:10     | Reached XP level 13. HP: 82/103 MP: 0/0
  8911 | D:10     | Learned a level 5 spell: Agony
  9078 | D:11     | Found a large runed translucent door.
  9078 | D:11     | Found a large runed translucent door.
  9081 | D:11     | Found a large runed translucent door.
  9081 | D:11     | Found a large runed translucent door.
  9083 | D:11     | Noticed a centaur warrior
  9101 | D:11     | Identified the +4 triple crossbow "Lutaov" {antimagic, Fly
                  | rPois Str-5 Dex+5}
  9129 | D:11     | Reached skill level 11 in Fighting
  9130 | D:11     | Identified the +0 chain mail of Weirdness {rPois rC+++
                  | Int-5 Slay-6}
  9780 | D:11     | Noticed SecretSquirrel's ghost (journeyman DrHu)
  9783 | D:11     | Found a transporter.
  9787 | D:11     | Identified the +1 robe of Wasted Space {rElec rF++}
  9788 | D:11     | Found a transporter.
 10472 | D:11     | Killed SecretSquirrel's ghost
 10657 | D:11     | Killed a centaur warrior
 10803 | Lair:1   | Entered Level 1 of the Lair of Beasts
 10830 | Lair:1   | Noticed a catoblepas
 10848 | Lair:1   | Killed a catoblepas
 11101 | Lair:1   | You are sucked into a shaft and drop 1 floor!
 11104 | Lair:2   | Noticed a catoblepas
 11116 | Lair:2   | Killed a catoblepas
 11265 | Lair:2   | Reached skill level 12 in Fighting
 11476 | Lair:2   | Found a staircase to the Shoals.
 11483 | Lair:2   | Reached XP level 14. HP: 107/112 MP: 0/0
 11966 | Lair:3   | Noticed Amaemon
 11976 | Lair:3   | Killed Amaemon
 11985 | Lair:3   | Reached skill level 5 in Armour
 12104 | Lair:3   | Found a runed translucent door.
 12105 | Lair:3   | Noticed jasper's ghost (journeyman DgEE)
 12123 | Lair:3   | Killed jasper's ghost
 12196 | Lair:3   | Found a staircase to the Snake Pit.
 12892 | Lair:4   | Reached skill level 13 in Fighting
 13211 | Lair:4   | Noticed Rupert
 13215 | Lair:4   | Paralysed by Rupert for 5 turns
 13241 | Lair:4   | Killed Rupert
 13946 | Lair:4   | Reached *** piety under Ashenzari
 14070 | Lair:5   | Entered Level 5 of the Lair of Beasts
 14162 | Lair:5   | Reached XP level 15. HP: 61/123 MP: 0/0
 14162 | Lair:5   | Learned a level 6 spell: Plasma Beam
 14573 | Lair:5   | Found a staircase to the Slime Pits.
 14641 | Lair:5   | HP: 6/124 [rime drake/icy flash freeze (22)]
 14672 | Lair:5   | Reached skill level 15 in Dodging
 15194 | Lair:5   | Found a shimmering altar of Xom.
 15679 | Lair:5   | Found a runed translucent door.
 15722 | Lair:5   | Reached skill level 14 in Fighting
 16017 | Lair:5   | Reached skill level 15 in Spellcasting
 16589 | D:12     | Found a staircase to the Orcish Mines.
 16880 | D:12     | Found Wahij's Self-Improvement Boutique.
 17494 | D:13     | Found a frozen archway.
 17513 | D:13     | Reached XP level 16. HP: 77/132 MP: 0/0
 17566 | IceCv    | Entered an ice cave
 18814 | D:14     | Reached skill level 15 in Fighting
 19379 | D:14     | Found a runed translucent gate.
 19379 | D:14     | Found a runed translucent gate.
 19379 | D:14     | Found a runed translucent gate.
 19562 | D:14     | Found a gate to the Vaults.
 19784 | D:14     | Reached XP level 17. HP: 128/141 MP: 0/0
 19784 | D:14     | Learned a level 7 spell: Malign Gateway
 19795 | D:14     | Found a runed translucent gate.
 19795 | D:14     | Found a runed translucent gate.
 19797 | D:14     | Noticed a tentacled monstrosity
 19798 | D:14     | Noticed Jaliuk's ghost (journeyman DECj)
 19799 | D:14     | Found a runed translucent gate.
 19799 | D:14     | Identified the +1 hat of the Shore {Harm rC+ Stlth-}
 19891 | D:14     | Killed Jaliuk's ghost
 19895 | D:14     | Killed a tentacled monstrosity
 20516 | D:15     | Entered Level 15 of the Dungeon
 20898 | D:15     | Found Munuah's Assorted Antiques.
 20926 | D:15     | Found a staircase to the Depths.
 21049 | Orc:1    | Entered Level 1 of the Orcish Mines
 21293 | Orc:1    | You are sucked into a shaft and drop 1 floor!
 21293 | Orc:2    | Entered Level 2 of the Orcish Mines
 21334 | Orc:1    | Reached skill level 10 in Stealth
 21650 | Orc:2    | Reached skill level 16 in Fighting
 22966 | Orc:2    | Found a staircase to the Elven Halls.
 23241 | Orc:2    | Found Ufarud's Book Shoppe.
 23291 | Orc:2    | Found Mapn's Magic Scroll Boutique.
 23293 | Orc:2    | Found Fuerrux's General Store.
 23337 | Orc:2    | Bought a scroll of acquirement for 728 gold pieces
 23337 | Orc:2    | Bought a scroll of blinking for 105 gold pieces
 23557 | Orc:2    | Found Bichuhuj's Antique Weapon Shop.
 23722 | Orc:2    | Identified the +4 scale mail of Demons {+Inv}
 23801 | Orc:2    | Identified the +6 chain mail "Guzabbeo" {Regen+}
 23871 | Orc:2    | Acquired a manual of Armour
 24251 | Snake:1  | Entered Level 1 of the Snake Pit
 24318 | Snake:1  | Noticed littlecub's ghost (journeyman DsGl)
 24319 | Snake:1  | Found a runed translucent door.
 24388 | Snake:1  | Killed littlecub's ghost
 24390 | Snake:1  | Reached skill level 1 in Evocations
 24604 | Snake:1  | Reached XP level 18. HP: 117/149 MP: 0/0
 24777 | Snake:1  | Reached skill level 10 in Armour
 25935 | Snake:2  | Reached skill level 17 in Fighting
 26323 | Snake:2  | Found a runed translucent gate.
 26323 | Snake:2  | Found a runed translucent gate.
 26325 | Snake:2  | Found a runed translucent gate.
 26328 | Snake:2  | Noticed Dadghomedgh's ghost (adept GnHW)
 26815 | Snake:2  | Found Quzaon's Book Boutique.
 26815 | Snake:2  | Found Fusa Ixt's Jewellery Shoppe.
 26817 | Snake:2  | Found Yrerghie's Book Boutique.
 26834 | Snake:2  | Found Nuag's Antique Weapon Shoppe.
 27055 | Snake:2  | Reached skill level 5 in Evocations
 27059 | Snake:2  | Killed Dadghomedgh's ghost
 27394 | Snake:3  | Reached XP level 19. HP: 152/157 MP: 0/0
 27394 | Snake:3  | Learned a level 7 spell: Enfeeble
 28220 | Snake:3  | Identified the +6 scimitar of the Warrior {flame, rN+ SInv}
 28459 | Snake:4  | Entered Level 4 of the Snake Pit
 28914 | Snake:4  | Identified the +1 robe of Omission {rN++}
 29011 | Snake:4  | Reached **** piety under Ashenzari
 29158 | Snake:4  | Noticed Vashnia
 29366 | Snake:4  | Killed Vashnia
 29634 | Snake:4  | Got a serpentine rune of Zot
 29894 | Shoals:1 | Entered Level 1 of the Shoals
 30517 | Shoals:1 | Reached skill level 18 in Fighting
 30581 | Shoals:1 | Reached XP level 20. HP: 161/171 MP: 0/0
 30898 | Shoals:2 | Noticed Frances
 30900 | Shoals:2 | Killed Frances
 32647 | Shoals:4 | Entered Level 4 of the Shoals
 32930 | Shoals:4 | Identified the +2 helmet of Pleasant Breezes {Harm Regen+
                  | Int-3 Dex-4}
 33184 | Shoals:4 | Identified the +7 quarterstaff of Elass {vamp, rN+ Dex+3}
 33274 | Shoals:4 | Found the +8 mithril axe "Arga" {speed, Will+}
 33559 | Shoals:4 | Got a barnacled rune of Zot
 33640 | Shoals:4 | Identified the +1 trident "Tisipsuc" {antimagic, rF+ Int+2}
 33668 | Shoals:4 | Found the +10 tower shield of Ignorance {rN+ Int-4}
 33972 | Vaults:1 | Entered Level 1 of the Vaults
 34021 | Depths:1 | Entered Level 1 of the Depths
 34035 | Depths:1 | Identified the staff of fire "Pihuic" {rF+ Will+ Stlth+}
 34036 | Depths:1 | Noticed gelatine's ghost (adept DsHu)
 34036 | Depths:1 | Noticed a walking crystal tome
 34036 | Depths:1 | Noticed a tentacled monstrosity
 34037 | Depths:1 | Found a runed translucent gate.
 34037 | Depths:1 | Noticed a juggernaut
 34041 | Depths:1 | Found a runed translucent gate.
 34041 | Depths:1 | Found a runed translucent gate.
 34042 | Depths:1 | Identified the +6 shortbow of Ikhlopikasi {antimagic, rF+
                  | Str-2 Stlth+}
 34122 | Depths:1 | Found Yssuuzolaz's Antique Weapon Emporium.
 34129 | Depths:1 | Found Ivador's Antique Armour Shoppe.
 34131 | Depths:1 | Noticed Asterion
 34133 | Depths:1 | Killed Asterion
 34145 | Depths:1 | Found Leownoesch's Armour Emporium.
 34176 | Depths:1 | Found a blossoming altar of Fedhas.
 34288 | Depths:1 | Reached XP level 21. HP: 169/179 MP: 0/0
 34288 | Depths:1 | Learned a level 8 spell: Maxwell's Capacitive Coupling
 34662 | Depths:1 | Found a gateway to Hell.
 34896 | Depths:1 | Found a one-way gate to the infinite horrors of the Abyss.
 34976 | Depths:1 | Killed a juggernaut
 34982 | Depths:1 | Reached skill level 10 in Evocations
 35062 | Depths:1 | Killed gelatine's ghost
 35345 | Depths:2 | Found a runed translucent gate.
 35349 | Depths:2 | Found a runed translucent gate.
 35350 | Depths:2 | Noticed Plog's ghost (adept DgCj)
 35351 | Depths:2 | Found a runed translucent gate.
 35354 | Depths:2 | Found a viscous altar of Jiyva.
 35625 | Depths:2 | Reached skill level 19 in Fighting
 35685 | Depths:2 | Noticed Mara
 35691 | Depths:2 | Killed Mara
 36006 | Depths:2 | Identified the ring "Moeredet" {rC+ Will+ Int+2}
 36167 | Depths:2 | Identified the staff of earth "Motenol" {Dex+2}
 36167 | Depths:2 | Found the +3 pair of mountain boots {steadfast, rC+}
 36266 | Depths:2 | Found a one-way gate leading to the halls of Pandemonium.
 37214 | Depths:3 | Noticed a golden dragon
 37217 | Depths:3 | Killed a golden dragon
 37220 | Depths:3 | Noticed Xtahua
 37222 | Depths:3 | Killed Xtahua
 37243 | Depths:3 | Reached XP level 22. HP: 183/187 MP: 0/0
 37279 | Depths:3 | Noticed a caustic shrike
 37281 | Depths:3 | Killed a caustic shrike
 37419 | Depths:3 | Found a runed translucent gate.
 37419 | Depths:3 | Found a runed translucent gate.
 37425 | Depths:3 | Identified the +8 plate armour of Whack-A-Mole {Contam +Inv
                  | rF+++ Str-4}
 37429 | Depths:3 | Noticed freelancePsychic's ghost (adept DjAE)
 37439 | Depths:3 | Reached skill level 15 in Armour
 37440 | Depths:3 | Found a runed translucent gate.
 37533 | Depths:3 | Identified the ring of Duti {Contam *Corrode Str+4 Int+6
                  | Dex+9}
 37762 | Depths:3 | Found Ovuir's Armour Shop.
 37819 | Depths:3 | Identified the ring of Deckafew {Int+6 Dex+3}
 38313 | Depths:3 | Identified the +5 hat of the Old World {rElec rN++ Str+3
                  | Int-4}
 38338 | Depths:4 | Entered Level 4 of the Depths
 38450 | Depths:4 | Reached skill level 20 in Fighting
 38872 | Depths:4 | Found a gate to the Realm of Zot.
 39041 | Depths:4 | Found a glowing silver altar of Zin.
 39041 | Depths:4 | Found a glowing golden altar of the Shining One.
 39041 | Depths:4 | Found a white marble altar of Elyvilon.
 39185 | Depths:4 | Found a shadowy altar of Dithmenos.
 39294 | Depths:4 | Found a one-way gateway to a ziggurat.
 39302 | Depths:4 | Paralysed by a floating eye for 3 turns
 39461 | Depths:4 | Paralysed by a floating eye for 2 turns
 39467 | Depths:4 | Paralysed by a floating eye for 2 turns
 39477 | Depths:4 | Paralysed by a floating eye for 3 turns
 39501 | Depths:4 | Paralysed by a floating eye for 2 turns
 39508 | Depths:4 | Paralysed by a floating eye for 2 turns
 39512 | Depths:4 | Paralysed by a floating eye for 3 turns
 39600 | Depths:2 | Killed Plog's ghost
 39610 | Depths:2 | Reached XP level 23. HP: 32/197 MP: 0/0
 39610 | Depths:2 | Learned a level 7 spell: Spellforged Servitor
 40002 | Elf:1    | Entered Level 1 of the Elven Halls
 40155 | Elf:1    | Reached ***** piety under Ashenzari
 41080 | Elf:2    | Paralysed by an air elemental for 1 turns
 41194 | Elf:2    | Noticed Roxanne
 41202 | Elf:2    | Killed Roxanne
 41427 | Elf:2    | Found a runed translucent gate.
 41429 | Elf:2    | Found a runed translucent gate.
 41434 | Elf:2    | Found a runed translucent gate.
 41749 | Elf:2    | Reached skill level 21 in Fighting
 41830 | Elf:2    | Noticed Louise
 41833 | Elf:2    | Killed Louise
 42192 | Elf:3    | Entered Level 3 of the Elven Halls
 42335 | Elf:3    | Found Vexawn's Book Emporium.
 42454 | Elf:3    | Identified the +4 falchion of Floods {venom, Dex+4}
 42472 | Elf:3    | Reached XP level 24. HP: 136/208 MP: 0/0
 42576 | Elf:3    | Identified the +6 war axe "Caw Evoo" {protect, rPois}
 42578 | Elf:3    | Found the +2 pair of slick slippers {slick, slippery, EV+4}
 42578 | Elf:3    | Identified the ring of the Invisible Hand {EV+5 Int+2}
 42579 | Elf:3    | Identified the ring "Udwoal" {rCorr MP+9}
 42640 | Elf:3    | Identified the staff of cold "Jorrij" {Fly rElec rC+ rN++
                  | Dex-4}
 42642 | Elf:3    | Identified the ring of Oceqol {rF+ rC++ Int+6 Stlth+}
 42643 | Elf:3    | Identified the +1 long sword "Afirehoh" {vamp, Int+6}
 43001 | Elf:3    | Found Voonwueq's CLEARANCE SALE!.
 43057 | Elf:3    | Identified the +1 pair of boots of Tempters {rC+ Int+3}
 43180 | Elf:3    | Identified the +11 morningstar "Nocaw" {heavy, rElec rF-
                  | rC++ Dex-4}
 43231 | Elf:3    | Identified the ring of Zal Ushri {rElec rC+++ rCorr Dex-2
                  | SInv}
 43257 | Elf:3    | Upgraded the game from 0.30.0-15-g856e2d3f33 to
                  | 0.30.0-17-ge0270778cf
 44005 | Vaults:1 | Noticed Nikola
 44007 | Vaults:1 | Killed Nikola
 44152 | Vaults:1 | Reached skill level 22 in Fighting
 45171 | Vaults:2 | Reached XP level 25. HP: 100/214 MP: 0/0
 45171 | Vaults:2 | Learned a level 8 spell: Lehudib's Crystal Spear
 45717 | Vaults:2 | Noticed Sojobo
 45719 | Vaults:2 | Killed Sojobo
 45811 | Vaults:2 | Found Hosuakov's Weapon Emporium.
 46214 | Vaults:2 | Found a portal to a secret trove of treasure.
 46861 | Vaults:3 | Found a crumbling gateway.
 46872 | Desolati | Entered the Desolation of Salt
 46903 | Desolati | Reached skill level 23 in Fighting
 47204 | Vaults:3 | Found a staircase to the Crypt.
 48050 | Vaults:4 | Found a transporter.
 48092 | Vaults:4 | Identified the amulet "Nafun" {Spirit rF+++ Int+2 Stlth-}
 48093 | Vaults:4 | Found a transporter.
 48094 | Vaults:4 | Identified the ring of Mothram {rPois rF+ Str+2 Dex+2}
 48192 | Vaults:4 | Noticed Boris
 48195 | Vaults:4 | Killed Boris
 48525 | Vaults:4 | Reached XP level 26. HP: 178/221 MP: 0/0
 49646 | Vaults:5 | Entered Level 5 of the Vaults
 50264 | Vaults:5 | Noticed a dread lich
 50287 | Vaults:5 | Killed a dread lich
 50291 | Vaults:5 | Noticed an ancient lich
 50295 | Vaults:5 | Killed an ancient lich
 50539 | Vaults:5 | Identified the staff of earth "Eskogom" {rN+ Str+7 Dex-3
                  | Stlth+}
 50599 | Vaults:5 | Reached skill level 24 in Fighting
 50759 | Vaults:5 | Reached XP level 27. HP: 173/228 MP: 0/0
 50759 | Vaults:5 | Learned a level 9 spell: Shatter
 50856 | Vaults:5 | Identified the amulet "Goiviv" {Will+ Regen+ Int+4 Stlth-}
 50891 | Vaults:5 | Identified the +8 scimitar of Tius {elec, rN+ Dex+7}
 51133 | Vaults:5 | Identified the staff of death "Ceatir" {rN+ Int+2 Dex+4}
 51140 | Vaults:5 | Got a silver rune of Zot
 52053 | Zot:1    | Entered Level 1 of the Realm of Zot
 52073 | Zot:1    | Noticed an orb of fire
 52076 | Zot:1    | Gained mutation: You sometimes lose your temper in combat.
                  | [an orb of fire]
 52081 | Zot:1    | Gained mutation: You are very vulnerable to cold. (rC--)
                  | [an orb of fire]
 52083 | Zot:1    | Gained mutation: Your body sometimes deteriorates upon
                  | taking damage. [an orb of fire]
 52087 | Zot:1    | Killed an orb of fire
 52880 | Zot:1    | Identified the staff of poison "Yddob" {rPois rC++ Dex-5
                  | Stlth+}
 52889 | Zot:1    | Identified the ring of the Ladybird {rN+ Will+ Dex+2}
 52890 | Zot:1    | Identified the ring "Weigupn" {Str+6 Int+5}
 52890 | Zot:1    | Identified the staff of death "Coismyuth" {rN+ Stlth+}
 52890 | Zot:1    | Found the +7 mace of Variability {chaos, chaos arc}
 53684 | Zot:1    | Identified the +0 war axe of the Vulture {heavy, *Rage
                  | rPois rC+ Str+4}
 53891 | Zot:2    | Noticed a Killer Klown
 53895 | Zot:2    | Killed a Killer Klown
 54048 | Zot:2    | Identified the amulet "Tyankybi" {Acrobat +Blink}
 54048 | Zot:2    | Identified the +3 long sword of Zutetiapp {pain, rCorr}
 54806 | Zot:2    | Found a transporter.
 54808 | Zot:2    | Identified the ring "Pylez" {Fire rElec rN+ Dex+3}
 54864 | Zot:2    | Identified the amulet "Edyggiun" {Spirit Rampage rF+ rC+}
 54864 | Zot:2    | Identified the ring "Zyxu" {Will+ Str+3}
 55113 | Zot:2    | Found a transporter.
 55228 | Zot:2    | Noticed an orb of fire
 55231 | Zot:2    | Gained mutation: You are clumsy. (Dex -2) [an orb of fire]
 55237 | Zot:2    | Gained mutation: Potions are less effective at restoring
                  | your health. [an orb of fire]
 55239 | Zot:2    | Gained mutation: You occasionally shout uncontrollably at
                  | your foes. [an orb of fire]
 55240 | Zot:2    | Lost mutation: You are clumsy. (Dex -2) [an orb of fire]
 55243 | Zot:2    | Killed an orb of fire
 57956 | Zot:3    | Reached skill level 25 in Fighting
 58381 | Zot:3    | Noticed a Killer Klown
 58387 | Zot:3    | Killed a Killer Klown
 58570 | Zot:5    | Entered Level 5 of the Realm of Zot
 58959 | Zot:5    | Noticed an orb of fire
 58959 | Zot:5    | Noticed an ancient lich
 58972 | Zot:5    | Gained mutation: You frequently scream uncontrollably at
                  | your foes. [an orb of fire]
 58975 | Zot:5    | Killed an orb of fire
 58976 | Zot:5    | Killed an ancient lich
 59490 | Zot:5    | Noticed an orb of fire
 59496 | Zot:5    | Killed an orb of fire
 59909 | Zot:5    | Noticed a Killer Klown
 59914 | Zot:5    | Killed a Killer Klown
 60462 | Zot:5    | Noticed an orb of fire
 60468 | Zot:5    | Killed an orb of fire
 60469 | Zot:5    | Reached skill level 15 in Evocations
 61019 | Zot:5    | Noticed a Killer Klown
 61022 | Zot:5    | Killed a Killer Klown
 62008 | Zot:5    | Noticed a Killer Klown
 62011 | Zot:5    | Killed a Killer Klown
 62440 | Zot:5    | Noticed an orb of fire
 64645 | Zot:5    | Noticed a Killer Klown
 64647 | Zot:5    | Killed a Killer Klown
 66024 | Zot:5    | Gained mutation: Armour fits poorly on your strangely
                  | shaped body. [an orb of fire]
 66026 | Zot:5    | Gained mutation: You are extremely vulnerable to cold.
                  | (rC---) [an orb of fire]
 66027 | Zot:5    | Killed an orb of fire
 66038 | Zot:5    | Noticed an orb of fire
 66048 | Zot:5    | Killed an orb of fire
 66248 | Zot:5    | Noticed an orb of fire
 66250 | Zot:5    | Gained mutation: You are weak. (Str -2) [an orb of fire]
 66254 | Zot:5    | Gained mutation: Your body often deteriorates upon taking
                  | damage. [an orb of fire]
 66255 | Zot:5    | Killed an orb of fire
 66486 | Zot:5    | Noticed an orb of fire
 66489 | Zot:5    | Killed an orb of fire
 66656 | Zot:5    | Got the Orb of Zot
 66772 | Zot:4    | Noticed a Killer Klown
 66779 | Zot:4    | HP: 4/228 [Killer Klown/klown pie (24)]
 66785 | Zot:4    | HP: 6/228 [??? (3)]
 67142 | D:13     | Noticed Niobazemi the pandemonium lord
 67463 | D:$      | Escaped with the Orb!

Illustrated notes

Levels and vault maps discovered:
D:1:      psy_arrival_dodecagon, layout_basic, serial_curves, eino_curves_03,
          eino_curves_03
D:2:      layout_loops_ring, basic_altar, uniq_terence
D:3:      layout_basic, ebering_ecumenical_altar_petrified
D:4:      layout_basic
D:5:      layout_cave_pods, nicolae_ashenzari_skybound, serial_demonic,
          serial_demonic_g, serial_demonic_f, serial_demonic_b,
          serial_demonic_c, uniq_ijyb, uniq_eustachio, uniq_edmund, uniq_sigmund
D:6:      layout_rooms, serial_bayou_lagoon_a, chequers_garden, uniq_pikel,
          uniq_maggie, uniq_crazy_yiuf_cottage
D:7:      black_bear_nest_2, layout_loops_corners, temple_hall
D:8:      layout_basic, nicolae_looking_at_the_future, uniq_erica
D:9:      minmay_the_grid_four_pointed_star
          [minmay_the_grid_triangle_9x9_limited_checkers,
          minmay_the_grid_triangle_9x9_shrine,
          minmay_the_grid_triangle_9x9_impossible_snake,
          minmay_the_grid_triangle_9x9_odd_lines,
          minmay_the_grid_prize_trominoes], layout_rooms, enter_bailey_8,
          serial_shops, shop, nicolae_shop_waterfront, minmay_misc_feat_rugged,
          minivault_16, chequers_hall_statues_wall_a, minmay_misc_feat_encased,
          minmay_misc_feat_iff, lemuel_flamethrower_1, uniq_prince_ribbit1
D:10:     layout_gridville, mainiacjoe_overflow_chevrons, lair_entry_dummy,
          kennysheep_just_a_vault, uniq_josephine, uniq_grum, uniq_sonja
D:11:     layout_loops_ring, gammafunk_ghost_hive, minmay_hollow_rounded_squares
D:12:     layout_grid_maze, zombieorc1_lemuel, nicolae_shop_self_help
D:13:     layout_long_grid, portal_ice_cave_entry_ice_simulacra
D:14:     minmay_outward_triangles, layout_loops_ring,
          grunt_vaults_entry_fortified,
          ploomutoo_gammafunk_ghost_potion_laboratory, minmay_misc_feat_pillars,
          hangedman_decor_push
D:15:     hangedman_depths_entry_try_elsewhere_first, layout_rooms,
          minmay_misc_feat_ornament, serial_shops, shop
Lair:1:   layout_loops_ring, lemuel_fruit_fields, lemuel_fruit_tree
Lair:2:   layout_small_grid, nicolae_shoals_entry_roost
Lair:3:   layout_loops_ring, minmay_snake_entry_spellcaster,
          gammafunk_ghost_grave, uniq_amaemon
Lair:4:   layout_regular_city, minivault_26, serial_bayou_shore_b,
          grunt_megastairs_4, uniq_rupert
Lair:5:   wormcave, layout_loops_ring, guppyfry_lair_end_dragon, slime_entry_1,
          basic_altar, bobbens_dragon_lair_wall, serial_bayou_shore_b
Shoals:1: layout_shoals, abandoned_shop, nicolae_shoals_this_corrosion
Shoals:2: layout_shoals, uniq_frances
Shoals:3: layout_shoals, nicolae_shoals_cliffside_cave,
          nicolae_shoals_dead_sea_scrolls
Shoals:4: shoals_end_grunt_ice, layout_shoals
Snake:1:  kennysheep_six_static_rooms, layout_onion,
          hellmonk_ghost_happy_afterlife
Snake:2:  nicolae_snake_crotalidae_crossing, layout_cave_town,
          gammafunk_ghost_necromancy, serial_shops,
          nicolae_shop_temple_entry_statues_fountains, minmay_shop_grove
Snake:3:  layout_chambers
Snake:4:  johnstein_snake_rune_scales, layout_onion
Orc:1:    layout_diamond_mine, basic_altar
Orc:2:    hellmonk_orc_salted, layout_caves, minmay_orc_treasury
Elf:1:    minmay_elf_arrival_plus, layout_loops_ring, hangedman_elf_represent,
          grunt_megastairs_2
Elf:2:    nicolae_elf_blades_splatter_lattice
          [nicolae_vaults_blade_armed_guards], layout_geoelf_diagonals,
          uniq_roxanne, uniq_louise
Elf:3:    grunt_elf_hall_diamonds, layout_loops_corners, serial_shops, shop,
          nrook_uturn, nicolae_shop_clearance
Vaults:1: nicolae_vaults_shelves_hall, ontoclasm_vaults_pinch,
          hangedman_vaults_snaps, nicolae_vaults_border_crossing,
          nicolae_vaults_yaktaur_gun_rack, nicolae_vaults_know_your_exits,
          v_misc_32, ontoclasm_vaults_ring_large,
          ontoclasm_vaults_claustrophobia, nicolae_vaults_surprise_closet,
          hangedman_vaults_unwind, vaults_room_grid,
          nicolae_vaults_little_squares_3, nicolae_vaults_octothorpe,
          nicolae_vaults_prndl, layout_vaults_omnibox, uniq_nikola
Vaults:2: vaults_room_stairs_pillars, grunt_vaults_diagonal,
          ontoclasm_vaults_ligature, nicolae_vaults_diffraction_hallways,
          nicolae_vaults_specimen_jars, v_misc_17, serial_ice_b,
          ontoclasm_vaults_gateway, vaults_room_pools, layout_vaults_omnigrid,
          nicolae_trove_entry_diagonal, serial_shops, nicolae_shop_crystal,
          uniq_sojobo
Vaults:3: portal_desolation_entry_twin_temple,
          nicolae_vaults_heart-shaped_vault, blue_anna_dwarven_crypt,
          hangedman_vaults_stretched_pinwheel, nicolae_vaults_asterisk,
          hangedman_vaults_hat, nicolae_vaults_wrenched,
          nicolae_vaults_network_periphery, nicolae_vaults_theta,
          vaults_mumra_chevron, hangedman_vaults_trim, v_misc_23,
          nicolae_vaults_house_1, layout_vaults_ring
Vaults:4: gammafunk_its_a_trap, nicolae_vaults_what_the_h,
          nicolae_vaults_closet_pinwheel_4, dpeg_vaults_monster_row,
          nicolae_vaults_little_squares_6, nicolae_vaults_storage_closets_2,
          vaults_dpeg_encased_lava, nicolae_vaults_trapezoid_lopsided_3,
          nicolae_vaults_more_shelving_2, vaults_room_corners,
          nicolae_vaults_back_hallway, nicolae_vaults_apartment_1,
          nicolae_vaults_ring_of_whatevers, layout_vaults_omnicross, uniq_boris
Vaults:5: serial_shops
Depths:1: layout_gridlike, abyss_entry_glasseish, nicolae_water_bricks,
          pf_dread_powers_of_hell, gammafunk_ghost_split, fedhas_altar_3,
          minmay_shop_star, uniq_asterion
Depths:2: minmay_broken_ring, layout_honeycomb, rand_demon_pan_entry_9,
          abyss_entry_crystal, serial_rivers, chequers_serial_rivers_micro_b,
          chequers_serial_rivers_large_b, chequers_serial_rivers_small_b,
          chequers_serial_rivers_micro_d, chequers_serial_rivers_small_a,
          chequers_serial_rivers_small_b, hell_entry, gammafunk_ghost_ooze,
          uniq_mara
Depths:3: minmay_bloctagon, layout_honeycomb, gammafunk_ghost_tricky_traps,
          marbit_kobold_abyss_entry, serial_shops, nicolae_shop_waterfront,
          hangedman_coc_ice_floe, uniq_xtahua
Depths:4: grunt_zot_entry_bicorn, layout_cave_shapes, enter_ziggurat_c,
          good_gods_mini_temple, nicolae_hell_entry_hellmouth_sunbeams,
          rand_demon_pan_entry_1, nicolae_dithmenos_shadow_blocks
Zot:1:    kennysheep_blocky_room, layout_cathedral_of_symmetry,
          st_large_dragon_hoard_2
Zot:2:    gammafunk_dig_for_victory, layout_gridlike, st_large_dragon_hoard_3
Zot:3:    layout_concentric_octagons, uniq_josephina
Zot:4:    layout_gridville
Zot:5:    layout_cathedral_of_symmetry

Skill      XL: |  1  2  3  4  5  6  7  8  9 10 11 12 13 14 15 16 17 18 19 20 21 22 23 24 25 26 27 |
---------------+----------------------------------------------------------------------------------+-----
Spellcasting   | 4 5 6 7 8 9 10 11 13 14 15 16 17 18 19 20 21 22 | 22.5
Fighting       | 1 3 4 5 7 9 10 12 13 14 15 16 17 18 19 20 21 22 23 24 25 | 25.8
Dodging        | 4 5 7 9 11 12 13 14 15 16 17 18 19 20 21 22 | 22.5
Stealth        | 3 4 5 7 8 9 10 11 12 | 12.3
Armour         | 2 4 6 7 8 9 11 12 13 14 15 16 17 18 19 | 19.7
Evocations     | 1 5 7 9 10 11 15 | 15.8

Action                     |  1- 3 |  4- 6 |  7- 9 | 10-12 | 13-15 | 16-18 | 19-21 | 22-24 | 25-27 || total
---------------------------+-------+-------+-------+-------+-------+-------+-------+-------+-------++-------
  Melee: Unarmed           |       |     2 |     1 |       |       |       |       |       |       ||     3
         Staff             |       |       |       |     3 |     2 |       |     1 |       |       ||     6
   Cast: Magic Dart        |    60 |   117 |    87 |   224 |   360 |       |       |       |     2 ||   850
         Searing Ray       |       |     4 |       |     4 |       |       |       |       |       ||     8
         Iskenderun's Myst |       |     4 |    13 |   149 |   321 |    81 |    17 |    50 |    39 ||   674
         Fulminant Prism   |       |     1 |    21 |    60 |   120 |    12 |     8 |    13 |    20 ||   255
         Hailstorm         |       |       |    22 |    19 |    29 |     1 |       |       |       ||    71
         Tukima's Dance    |       |       |       |     6 |     1 |       |       |       |       ||     7
         Slow              |       |       |       |     1 |     5 |       |       |       |       ||     6
         Agony             |       |       |       |       |     7 |       |       |       |       ||     7
         Silence           |       |       |       |       |     1 |       |       |       |       ||     1
         Plasma Beam       |       |       |       |       |       |   401 |   481 |   472 |   601 ||  1955
         Malign Gateway    |       |       |       |       |       |     8 |     5 |     1 |     6 ||    20
         Enfeeble          |       |       |       |       |       |       |     5 |       |       ||     5
         Maxwell's Capacit |       |       |       |       |       |       |     1 |       |       ||     1
         Spellforged Servi |       |       |       |       |       |       |       |     2 |     1 ||     3
         Lehudib's Crystal |       |       |       |       |       |       |       |       |   144 ||   144
         Shatter           |       |       |       |       |       |       |       |       |     5 ||     5
 Invoke: Curse Item        |       |       |     1 |     2 |     1 |       |     2 |     2 |     1 ||     9
         Shatter the Chain |       |       |       |       |       |       |       |       |     1 ||     1
  Evoke: Wand              |       |       |       |       |     6 |       |       |       |     1 ||     7
         Box of beasts     |       |       |       |       |       |     2 |       |       |       ||     2
         Condenser vane    |       |       |       |       |       |     1 |       |       |       ||     1
         Phantom mirror    |       |       |       |       |       |     1 |       |       |       ||     1
    Use: Scroll            |     5 |     7 |     1 |     1 |       |     4 |     5 |       |    16 ||    39
         Potion            |       |       |       |     2 |     1 |     5 |     5 |     2 |    34 ||    49
 Armour: Leather armour    |       |     3 |     2 |       |       |       |       |       |       ||     5
         Robe              |       |       |       |     2 |    31 |     9 |     3 |     6 |    29 ||    80
  Dodge: Dodged            |       |    17 |    12 |    98 |   178 |   139 |    50 |    64 |   223 ||   781
